Map: Tokamak LE

Players

ShoWTimE

  • Race: Protoss Protoss
  • Spawn Location: 1:00

Classic - Winner!

  • Race: Protoss Protoss
  • Spawn Location: 7:00

Event: Esports World Cup 2025

VOD

Have the link to the VOD?

Description

Time

  • Played on: July 24, 2025, 6:24 a.m.
  • Length: 9:09

All games in this series

Show
View Real Time Build Order
Export as new Build Order

ShoWTimE Protoss 

Build Orders: Oracle Opening 

Get SALT Encoding   

  12  0:00  Probe  
  13  0:12  Probe  
  14  0:17  Pylon  
  14  0:23  Probe  
  15  0:32  Probe  
  15  0:36  Gateway  
  15  0:40  Probe  
  16  0:45  Assimilator  
  17  0:51  Probe  
  17  0:54  Assimilator  
  18  0:59  Probe  
  19  1:06  Gateway  
  19  1:07  Probe  
  19  1:17  Probe  
  20  1:23  Cybernetics Core  
  21  1:29  Probe  
  22  1:33  Pylon  
  22  1:41  Probe  
  23  1:53  Probe  
  24  1:59  Adept x2  
  24  2:00  Warp Gate  
  28  2:04  Pylon  
  28  2:26  Stalker x2  
  28  2:29  Stargate  
  32  2:47  Probe  
  33  2:53  Pylon  
  33  3:04  Pylon  
  33  3:09  Shield Battery  
  33  3:10  Pylon  
  33  3:12  Oracle  
  33  3:19  Stalker  
  33  3:25  Stalker  
  38  3:29  Shield Battery  
  39  3:39  Robotics Facility  
  39  3:41  Shield Battery  
  39  3:59  Stalker  
  41  4:04  Stalker  
  43  4:14  Shield Battery  
  43  4:33  Pylon  
  43  4:37  Gateway  
  41  4:41  Immortal  
  39  4:51  Sentry  
  45  4:58  Gateway  
  45  5:01  Phoenix  
  45  5:05  Pylon  
  47  5:23  Warp Prism  
  47  5:24  Pylon  
  49  5:32  Probe  
  50  5:38  Phoenix  
  52  5:46  Stalker  
  52  5:49  Probe  
  55  5:53  Stalker  
  57  6:01  Probe  
  58  6:10  Pylon  
  58  6:17  Pylon  
  58  6:24  Immortal  
  62  6:36  Adept x2  
  66  6:46  Phoenix  
  68  6:52  Pylon  
  68  6:57  Observer  
  68  7:01  Adept  
  71  7:10  Adept  
  73  7:15  Phoenix  
  73  7:17  Pylon  
  67  7:38  Warp Prism  
  67  7:40  Phoenix  
  57  7:46  Adept x2  
  58  8:05  Phoenix  
  60  8:13  Adept  
  60  8:19  Sentry  
  64  8:33  Phoenix  
Show
View Real Time Build Order
Export as new Build Order

Classic Protoss - Winner!

Build Orders:  

Get SALT Encoding   

  12  0:00  Probe  
  13  0:12  Probe  
  14  0:17  Pylon  
  14  0:24  Probe  
  15  0:33  Probe  
  15  0:35  Gateway  
  15  0:41  Probe  
  16  0:46  Assimilator  
  17  0:51  Probe  
  17  0:54  Assimilator  
  18  0:59  Probe  
  19  1:07  Gateway, Probe  
  19  1:17  Probe  
  20  1:25  Cybernetics Core  
  21  1:29  Probe  
  22  1:37  Pylon  
  22  1:41  Probe  
  23  1:58  Stalker x2  
  23  2:01  Warp Gate  
  27  2:09  Robotics Facility  
  27  2:14  Pylon  
  27  2:25  Stalker x2  
  31  2:36  Probe  
  32  2:48  Immortal  
  32  2:56  Shield Battery  
  36  3:04  Pylon  
  35  3:06  Sentry  
  37  3:17  Warp Prism  
  37  3:24  Shield Battery  
  39  3:34  Pylon  
  39  3:53  Immortal  
  39  3:55  Adept x2  
  47  4:05  Pylon  
  47  4:07  Shield Battery  
  47  4:19  Stalker  
  47  4:22  Stalker  
  48  4:29  Probe  
  47  4:34  Immortal  
  51  4:50  Pylon  
  51  5:01  Adept, Sentry  
  55  5:08  Probe  
  56  5:16  Pylon  
  56  5:22  Probe  
  56  5:24  Stalker  
  56  5:28  Stalker  
  61  5:34  Probe  
  62  5:46  Probe  
  59  6:09  Probe  
  58  6:12  Observer, Twilight Council  
  59  6:19  Sentry  
  61  6:32  Pylon  
  61  6:38  Gateway  
  61  6:41  Nexus  
  60  6:51  Probe  
  61  6:55  Blink  
  61  7:03  Probe  
  62  7:13  Shield Battery  
  62  7:16  Probe  
  62  7:24  Stalker  
  62  7:25  Stalker  
  60  7:44  Warp Prism  
  60  7:48  Probe  
  60  7:50  Probe  
  61  7:56  Stalker, Probe, Sentry  
  66  7:59  Stalker  
  66  8:01  Probe  
  66  8:04  Probe  
  71  8:13  Probe  
  71  8:14  Probe  
  73  8:23  Observer  
  73  8:25  Stalker x2  
  78  8:29  Shield Battery  
  78  8:34  Stalker  
  80  8:42  Pylon  
  80  8:50  Stalker  
  80  8:51  Stalker  
Tags
 
Add a new tag
Caveats
  • Supply blocks, unpowered buildings, or Contaminate may cause inaccurate times.
  • Supply counts are checked every 10 seconds.